PBL
COLUMBUS REDS @ WINNIPEG GOLDEYES
10/01/2049
 
TOP OF THE 1ST
Columbus Reds batting - Pitching for Winnipeg Goldeyes : RHP Gregg Edwards
Pitching: RHP Gregg Edwards
Batting: RHB Tony Camacho 0-0: Ball
1-0: Ball
2-0: Called Strike
2-1: Ball
3-1: Ground out U3 (Groundball, 34, EV 79.4 MPH)
Batting: SHB Bill Dissette 0-0: Ground out 3-1 (Groundball, 34, EV 81.9 MPH)
Batting: RHB Ji-an See-to 0-0: Ball
1-0: Ball
2-0: Foul Ball, location: 2F
2-1: Foul Ball, location: 2F
2-2: Ball
3-2: Ground out 5-3 (Groundball, 56, EV 81.9 MPH)
Top of the 1st over - 0 runs, 0 hits, 0 errors, 0 left on base; Columbus 0 - Winnipeg 0
BOTTOM OF THE 1ST
Winnipeg Goldeyes batting - Pitching for Columbus Reds : RHP Matt Glover
Pitching: RHP Matt Glover
Batting: RHB Settan Nakamura 0-0: Ground out 6-3 (Groundball, 6, EV 80.6 MPH)
Batting: SHB Rodrigo Mendoza 0-0: Called Strike
0-1: Swinging Strike
0-2: Strikes out swinging
Batting: SHB Victor Turrubiate 0-0: Ball
1-0: Called Strike
1-1: Ground out 5-3 (Groundball, 56S, EV 93.8 MPH)
Bottom of the 1st over - 0 runs, 0 hits, 0 errors, 0 left on base; Columbus 0 - Winnipeg 0
TOP OF THE 2ND
Columbus Reds batting - Pitching for Winnipeg Goldeyes : RHP Gregg Edwards
Batting: RHB Declan Eichele 0-0: Ball
1-0: Ball
2-0: Ground out 5-3 (Groundball, 56, EV 83.8 MPH)
Batting: RHB Cornholdo Schwerin 0-0: Called Strike
0-1: Foul Ball, location: 2F
0-2: SINGLE (Line Drive, 8RS, EV 98.8 MPH)
Batting: RHB Alex Ruybalid 0-0: Called Strike
0-1: Fly out, F8 (Flyball, 8LXD, EV 107.5 MPH)
Batting: RHB Matt Glover 0-0: Ball
1-0: Fly out, F9 (Flyball, 89M, EV 90.0 MPH)
Top of the 2nd over - 0 runs, 1 hit, 0 errors, 1 left on base; Columbus 0 - Winnipeg 0
BOTTOM OF THE 2ND
Winnipeg Goldeyes batting - Pitching for Columbus Reds : RHP Matt Glover
Batting: RHB Mike Berzins 0-0: Swinging Strike
0-1: Ball
1-1: Foul Ball, location: 2F
1-2: Ball
2-2: Reached on error, E5 (Groundball, 56S, EV 76.9 MPH)
Batting: RHB Mitsuhiro Kobayashi 0-0: Ball
1-0: Ball
2-0: Ball
3-0: Base on Balls
Mike Berzins to second
Batting: RHB Alejandro de Jesus 0-0: Ball
1-0: Called Strike
1-1: Ball
Mike Berzins steals 3rd base (no throw)
2-1: Ball
3-1: Base on Balls
Mitsuhiro Kobayashi to second
Batting: RHB Yu-zeng Mai 0-0: Foul Ball, location: 2F
0-1: Ball
1-1: Foul Ball, location: 2F
1-2: Ball
2-2: Fly out, F7 (Flyball, 7S, EV 95.0 MPH)
Batting: SHB Andy Ehrsam 0-0: Called Strike
0-1: Called Strike
0-2: Ball
1-2: Ball
2-2: Fly out, F9 (Flyball, 9D, EV 103.1 MPH)
Runner from 3rd tags up, SCORES, no throw by RF
Batting: RHB Ricky Saucedo 0-0: Swinging Strike
0-1: Ball
1-1: Fly out, F8 (Flyball, 89M, EV 83.8 MPH)
Bottom of the 2nd over - 1 run, 0 hits, 1 error, 2 left on base; Columbus 0 - Winnipeg 1
TOP OF THE 3RD
Columbus Reds batting - Pitching for Winnipeg Goldeyes : RHP Gregg Edwards
Batting: RHB Nick Partain 0-0: Ball
1-0: Ground out 6-3 (Groundball, 6M, EV 105.6 MPH)
Batting: RHB Jorge Velez 0-0: Foul Ball, location: 2F
0-1: Foul Ball, location: 2F
0-2: Ground out 5-3 (Groundball, 5, EV 101.2 MPH)
Batting: RHB Tony Camacho 0-0: Called Strike
0-1: Ball
1-1: Called Strike
1-2: Ground out 6-3 (Groundball, 56, EV 101.9 MPH)
Top of the 3rd over - 0 runs, 0 hits, 0 errors, 0 left on base; Columbus 0 - Winnipeg 1
BOTTOM OF THE 3RD
Winnipeg Goldeyes batting - Pitching for Columbus Reds : RHP Matt Glover
Batting: RHB Settan Nakamura 0-0: Ball
1-0: Ball
2-0: Called Strike
2-1: Swinging Strike
2-2: Foul Ball, location: 2F
2-2: Ball
3-2: Base on Balls
Batting: SHB Rodrigo Mendoza 0-0: Ball
1-0: Ball
2-0: Called Strike
2-1: Ball
3-1: Base on Balls
Settan Nakamura to second
Batting: SHB Victor Turrubiate 0-0: Ball
1-0: Ball
2-0: Called Strike
2-1: Ball
3-1: Base on Balls
Settan Nakamura to third
Rodrigo Mendoza to second
Batting: RHB Mike Berzins 0-0: Fielders Choice at 2nd, 6-4 (Groundball, 6D, EV 104.4 MPH)
Settan Nakamura scores
Rodrigo Mendoza to third
Batting: RHB Mitsuhiro Kobayashi 0-0: Ball
Mike Berzins steals 2nd base
1-0: Ball
2-0: Fly out, F8 (Flyball, 8RD, EV 106.9 MPH)
Runner from 3rd tags up, SCORES, throw by CF
Mike Berzins to third
Batting: RHB Alejandro de Jesus 0-0: Swinging Strike
0-1: Called Strike
0-2: Fly out, F9 (Line Drive, 9D, EV 89.4 MPH)
Bottom of the 3rd over - 2 runs, 0 hits, 0 errors, 1 left on base; Columbus 0 - Winnipeg 3
TOP OF THE 4TH
Columbus Reds batting - Pitching for Winnipeg Goldeyes : RHP Gregg Edwards
Batting: SHB Bill Dissette 0-0: Called Strike
0-1: Ball
1-1: Ball
2-1: Foul Ball, location: 2F
2-2: Strikes out swinging
Batting: RHB Ji-an See-to 0-0: Called Strike
0-1: Ball
1-1: Ball
2-1: Ball
3-1: Ground out 4-3 (Groundball, 4MD, EV 106.2 MPH)
Batting: RHB Declan Eichele 0-0: Ball
1-0: Swinging Strike
1-1: Ball
2-1: Fly out, F8 (Flyball, 8LD, EV 95.6 MPH)
Top of the 4th over - 0 runs, 0 hits, 0 errors, 0 left on base; Columbus 0 - Winnipeg 3
BOTTOM OF THE 4TH
Winnipeg Goldeyes batting - Pitching for Columbus Reds : RHP Matt Glover
Batting: RHB Yu-zeng Mai 0-0: Ball
1-0: SINGLE (Groundball, 34, EV 98.1 MPH)
Batting: SHB Andy Ehrsam 0-0: Called Strike
0-1: Ball
Passed Ball!
Yu-zeng Mai to second
1-1: Ground out 1-3 (Groundball, 13S, EV 69.4 MPH)
Yu-zeng Mai to third
Batting: RHB Ricky Saucedo 0-0: Ball
1-0: Called Strike
1-1: Ground out 3-1 (Groundball, 34S, EV 85.6 MPH)
Yu-zeng Mai scores
Batting: RHB Settan Nakamura 0-0: Called Strike
0-1: Foul Ball, location: 2F
0-2: Strikes out swinging
Bottom of the 4th over - 1 run, 1 hit, 0 errors, 0 left on base; Columbus 0 - Winnipeg 4
TOP OF THE 5TH
Columbus Reds batting - Pitching for Winnipeg Goldeyes : RHP Gregg Edwards
Batting: RHB Cornholdo Schwerin 0-0: Foul Ball, location: 2F
0-1: Ball
1-1: Foul Ball, location: 2F
1-2: SINGLE (Flyball, 4MD, EV 88.1 MPH)
Batting: RHB Alex Ruybalid 0-0: Called Strike
0-1: Foul Ball, location: 2F
0-2: Ball
1-2: Foul Ball, location: 2F
1-2: Ball
2-2: Strikes out swinging
Batting: RHB Matt Glover 0-0: Called Strike
0-1: Ball
1-1: Foul Ball, location: 2F
1-2: Ball
2-2: Grounds into double play, 6-4-3 (Groundball, 56D, EV 87.5 MPH)
Top of the 5th over - 0 runs, 1 hit, 0 errors, 0 left on base; Columbus 0 - Winnipeg 4
BOTTOM OF THE 5TH
Winnipeg Goldeyes batting - Pitching for Columbus Reds : RHP Matt Glover
Batting: SHB Rodrigo Mendoza 0-0: Ball
1-0: Called Strike
1-1: Foul Ball, location: 2F
1-2: Ball
2-2: Ball
3-2: SINGLE (Groundball, 56S, EV 67.5 MPH) (infield hit)
Batting: SHB Victor Turrubiate 0-0: Ball
1-0: Ball
2-0: Ball
3-0: Called Strike
3-1: Called Strike
3-2: Foul Ball, location: 2F
3-2: Foul Ball, location: 2F
3-2: Foul Ball, location: 2F
3-2: Base on Balls
Rodrigo Mendoza to second
Batting: RHB Mike Berzins 0-0: Ball
1-0: Fly out, F4 (Popup, 3S, EV 78.1 MPH)
Batting: RHB Mitsuhiro Kobayashi 0-0: Swinging Strike
0-1: Foul Ball, location: 2F
0-2: Ball
1-2: Strikes out swinging
Batting: RHB Alejandro de Jesus 0-0: Called Strike
0-1: Ball
1-1: SINGLE (Line Drive, 3D, EV 93.8 MPH)
Rodrigo Mendoza to third
Victor Turrubiate to second
Runner from 3rd tries for Home, SAFE, throw by RF to home
Pitching: LHP Joe McLaughlin
Batting: RHB Yu-zeng Mai 0-0: Ball
1-0: Ball
Passed Ball!
Victor Turrubiate to third
Alejandro de Jesus to second
2-0: Ground out 5-3 (Groundball, 56, EV 102.5 MPH)
Bottom of the 5th over - 1 run, 2 hits, 0 errors, 2 left on base; Columbus 0 - Winnipeg 5
TOP OF THE 6TH
Columbus Reds batting - Pitching for Winnipeg Goldeyes : RHP Gregg Edwards
Batting: RHB Nick Partain 0-0: Foul Ball, location: 2F
0-1: Ball
1-1: Ball
2-1: Foul Ball, location: 2F
2-2: Foul Ball, location: 2F
2-2: Ground out 6-3 (Groundball, 6, EV 90.0 MPH)
Batting: RHB Jorge Velez 0-0: SINGLE (Line Drive, 78S, EV 95.6 MPH)
Batting: RHB Tony Camacho 0-0: Ball
1-0: Ball
2-0: Called Strike
2-1: Ball
3-1: Base on Balls
Jorge Velez to second
Batting: SHB Bill Dissette 0-0: Called Strike
0-1: Swinging Strike
0-2: Ball
1-2: Ball
2-2: Ball
3-2: Foul Ball, location: 2F
3-2: Reached on error, E4 (Groundball, 4, EV 77.5 MPH)
Jorge Velez to third
Tony Camacho to second
Batting: RHB Ji-an See-to 0-0: Swinging Strike
0-1: Ball
1-1: Ball
2-1: SINGLE (Groundball, 34S, EV 67.5 MPH) (infield hit)
Jorge Velez scores
Tony Camacho to third
Bill Dissette to second
Batting: RHB Declan Eichele 0-0: Called Strike
0-1: SINGLE (Line Drive, 89S, EV 91.9 MPH)
Tony Camacho scores
Bill Dissette to third
Ji-an See-to to second
Throwing error, E8
Bill Dissette scores
Ji-an See-to to third
Declan Eichele to second
Pinch Hitting: RHB Matt Carman 0-0: Ball
1-0: SINGLE (Groundball, 56D, EV 95.6 MPH)
Ji-an See-to scores
Declan Eichele to third
Pinch Hitting: LHB Gabe Morales 0-0: Called Strike
0-1: Foul Ball, location: 2F
0-2: Foul Ball, location: 2F
0-2: Ball
1-2: SINGLE (Groundball, 13, EV 93.1 MPH) (infield hit)
Declan Eichele scores
Matt Carman to second
Pitching: RHP Chris Shields
Batting: LHB Jamel Wilhite 0-0: Called Strike
0-1: Foul Ball, location: 2F
0-2: Strikes out swinging
Batting: RHB Nick Partain 0-0: Ball
1-0: Hit by Pitch
Matt Carman to third
Gabe Morales to second
Pinch Hitting: SHB Colin Black 0-0: Ground out 4-3 (Groundball, 34, EV 99.4 MPH)
Top of the 6th over - 5 runs, 5 hits, 2 errors, 3 left on base; Columbus 5 - Winnipeg 5
BOTTOM OF THE 6TH
Winnipeg Goldeyes batting - Pitching for Columbus Reds : LHP Joe McLaughlin
Now at 3B: Colin Black
Now in LF: Matt Carman
Now in CF: Gabe Morales
Pinch Hitting: LHB Dave Bertheau 0-0: Ball
1-0: Ball
2-0: Ball
3-0: Foul Ball, location: 2F
3-1: SINGLE (Groundball, 34S, EV 68.1 MPH) (infield hit)
Batting: RHB Ricky Saucedo 0-0: Called Strike
0-1: Ball
1-1: Foul Ball, location: 2F
1-2: Strikes out swinging
Batting: RHB Settan Nakamura 0-0: Ball
1-0: Foul Ball, location: 2F
1-1: Ball
2-1: Called Strike
2-2: Ball
3-2: Strikes out looking
Batting: SHB Rodrigo Mendoza 0-0: Ball
1-0: Ball
2-0: Ball
3-0: Called Strike
3-1: Base on Balls
Dave Bertheau to second
Batting: SHB Victor Turrubiate 0-0: Ball
1-0: Ball
2-0: Swinging Strike
2-1: Foul Ball, location: 2F
2-2: Foul Ball, location: 2F
2-2: Ball
3-2: DOUBLE (Line Drive, 7D, EV 93.1 MPH)
Dave Bertheau scores
Rodrigo Mendoza to third
Rodrigo Mendoza scores
Batting: RHB Mike Berzins 0-0: Called Strike
0-1: Ball
1-1: Ball
2-1: Ball
3-1: Base on Balls
Batting: RHB Mitsuhiro Kobayashi 0-0: Called Strike
0-1: Ball
1-1: Swinging Strike
1-2: Hit by Pitch
Victor Turrubiate to third
Mike Berzins to second
Batting: RHB Alejandro de Jesus 0-0: Foul Ball, location: 2F
0-1: SINGLE (Groundball, 56D, EV 95.0 MPH)
Victor Turrubiate scores
Mike Berzins to third
Mitsuhiro Kobayashi to second
Runner from 3rd tries for Home, SAFE, throw by LF to home
Pitching: RHP Alfonso Rosales
Batting: RHB Yu-zeng Mai 0-0: Fielders Choice at 2nd, 6-4 (Groundball, 6, EV 90.0 MPH)
Bottom of the 6th over - 4 runs, 3 hits, 0 errors, 2 left on base; Columbus 5 - Winnipeg 9
TOP OF THE 7TH
Columbus Reds batting - Pitching for Winnipeg Goldeyes : RHP Chris Shields
Now in LF: Jesus Montoya
Batting: RHB Tony Camacho 0-0: Called Strike
0-1: Called Strike
0-2: Strikes out looking
Batting: SHB Bill Dissette 0-0: Called Strike
0-1: Swinging Strike
0-2: Ball
1-2: Ball
2-2: Foul Ball, location: 2F
2-2: Strikes out swinging
Batting: RHB Ji-an See-to 0-0: Foul Ball, location: 2F
0-1: Swinging Strike
0-2: Ball
1-2: Foul Ball, location: 2F
1-2: Foul Ball, location: 2F
1-2: Ball
2-2: Ball
3-2: Fly out, F9 (Flyball, 89M, EV 86.9 MPH)
Top of the 7th over - 0 runs, 0 hits, 0 errors, 0 left on base; Columbus 5 - Winnipeg 9
BOTTOM OF THE 7TH
Winnipeg Goldeyes batting - Pitching for Columbus Reds : RHP Alfonso Rosales
Batting: RHB Jesus Montoya 0-0: Ball
1-0: Fly out, F4 (Line Drive, 4, EV 66.2 MPH)
Batting: RHB Ricky Saucedo 0-0: Ball
1-0: SOLO HOME RUN (Flyball, 78XD, EV 115.0 MPH), Distance : 451 ft
Batting: RHB Settan Nakamura 0-0: Ball
1-0: Foul Ball, location: 2F
1-1: Swinging Strike
1-2: Foul Ball, location: 2F
1-2: Ball
2-2: Ball
3-2: Foul Ball, location: 2F
3-2: Fly out, F7 (Line Drive, 7, EV 92.5 MPH)
Batting: SHB Rodrigo Mendoza 0-0: Ball
1-0: Ball
2-0: Foul Ball, location: 2F
2-1: Ball
3-1: Base on Balls
Batting: SHB Victor Turrubiate 0-0: Ball
1-0: Ball
2-0: Called Strike
2-1: Foul Ball, location: 2F
2-2: Ball
3-2: Ground out 6-3 (Groundball, 6, EV 93.1 MPH)
Bottom of the 7th over - 1 run, 1 hit, 0 errors, 1 left on base; Columbus 5 - Winnipeg 10
TOP OF THE 8TH
Columbus Reds batting - Pitching for Winnipeg Goldeyes : RHP Chris Shields
Batting: RHB Declan Eichele 0-0: Foul Ball, location: 2F
0-1: Foul Ball, location: 2F
0-2: Ball
1-2: Foul Ball, location: 2F
1-2: Ball
2-2: Ground out 3-1 (Groundball, 34, EV 88.1 MPH)
Batting: RHB Matt Carman 0-0: Ball
1-0: Swinging Strike
1-1: Ball
2-1: Ball
3-1: Ground out U3 (Groundball, 34S, EV 75.6 MPH)
Batting: LHB Gabe Morales 0-0: Ground out 4-3 (Groundball, 34, EV 106.2 MPH)
Top of the 8th over - 0 runs, 0 hits, 0 errors, 0 left on base; Columbus 5 - Winnipeg 10
BOTTOM OF THE 8TH
Winnipeg Goldeyes batting - Pitching for Columbus Reds : RHP Alfonso Rosales
Batting: RHB Mike Berzins 0-0: Ball
1-0: SINGLE (Flyball, 7LS, EV 84.4 MPH)
Batting: RHB Mitsuhiro Kobayashi 0-0: Foul Ball, location: 2F
0-1: Ball
1-1: Foul Ball, location: 2F
1-2: Ball
Mike Berzins steals 2nd base
2-2: Strikes out swinging
Batting: RHB Alejandro de Jesus 0-0: Called Strike
0-1: DOUBLE (Flyball, 8RD, EV 78.1 MPH)
Mike Berzins scores
Batting: RHB Yu-zeng Mai 0-0: Ball
1-0: Called Strike
1-1: SINGLE (Groundball, 56D, EV 103.1 MPH)
Alejandro de Jesus to third
Throwing error, E7
Alejandro de Jesus scores
Yu-zeng Mai to second
Pinch Hitting: RHB Bryan Palmer 0-0: Fly out, F7 (Flyball, 7LD, EV 97.5 MPH)
Batting: RHB Ricky Saucedo 0-0: Called Strike
0-1: Ball
1-1: SINGLE (Line Drive, 8LS, EV 103.8 MPH)
Yu-zeng Mai to third
Runner from 3rd tries for Home, throw by CF and OUT! 8-2
Bottom of the 8th over - 2 runs, 4 hits, 1 error, 1 left on base; Columbus 5 - Winnipeg 12
TOP OF THE 9TH
Columbus Reds batting - Pitching for Winnipeg Goldeyes : RHP Chris Shields
Now in LF: Bryan Palmer
Batting: LHB Jamel Wilhite 0-0: Ball
1-0: Ball
2-0: Called Strike
2-1: SINGLE (Groundball, 34D, EV 101.9 MPH)
Pinch Hitting: SHB Eddie Crawford 0-0: Ball
1-0: Swinging Strike
1-1: Ball
2-1: Ball
3-1: Base on Balls
Jamel Wilhite to second
Batting: SHB Colin Black 0-0: Ball
1-0: Swinging Strike
1-1: Foul Ball, location: 2F
1-2: 3-RUN HOME RUN (Line Drive, 7D, EV 103.8 MPH), Distance : 398 ft
Pitching: RHP Tommy Delzeit
Batting: RHB Tony Camacho 0-0: Ball
1-0: Fly out, F4 (Flyball, 4MD, EV 83.8 MPH)
Batting: SHB Bill Dissette 0-0: Ball
1-0: Called Strike
1-1: Ball
2-1: Fly out, F7 (Line Drive, 7, EV 96.2 MPH)
Batting: RHB Ji-an See-to 0-0: Foul Ball, location: 2F
0-1: Foul Ball, location: 2F
0-2: Ball
1-2: SINGLE (Line Drive, 8RS, EV 88.1 MPH)
Batting: RHB Declan Eichele 0-0: Ball
1-0: Swinging Strike
1-1: SINGLE (Groundball, 6MD, EV 93.8 MPH)
Ji-an See-to to second
Batting: RHB Matt Carman 0-0: Fly out, F7 (Flyball, 7S, EV 80.0 MPH)
Top of the 9th over - 3 runs, 4 hits, 0 errors, 2 left on base; Columbus 8 - Winnipeg 12
Sunday, July 16th , 2023 - OOTP Baseball 24.6 Build 69